TOP OF THE 1ST |
Athens Assassins batting - Pitching for Pensacola Pilots : RHP Ralph Williams
|
Pitching: RHP Ralph Williams
|
|
Batting: RHB Clancy Bradshaw
|
0-0: Called Strike 0-1: Foul Ball, location: 2F 0-2: Ground out 5-3 (Groundball, 56)
|
Batting: RHB Luis López
|
0-0: Called Strike 0-1: Foul Ball, location: 2F 0-2: Foul Ball, location: 2F 0-2: Ball 1-2: Ball 2-2: Foul Ball, location: 2F 2-2: Ball 3-2: SINGLE (Groundball, 5D)
|
Batting: RHB John Conway
|
0-0: Called Strike 0-1: Foul Ball, location: 2F 0-2: Ball 1-2: Strikes out swinging
|
Batting: RHB Britt Short
|
0-0: Called Strike 0-1: Swinging Strike 0-2: Ball 1-2: Foul Ball, location: 2F 1-2: SINGLE (Groundball, 56D) Luis López to second
|
Batting: RHB Jonathon García
|
0-0: Ball 1-0: Ball 2-0: Fly out, F8 (Line Drive, 78D)
|
Top of the 1st over - 0 runs, 2 hits, 0 errors, 2 left on base; Athens 0 - Pensacola 0 |
BOTTOM OF THE 1ST |
Pensacola Pilots batting - Pitching for Athens Assassins : RHP José López
|
Pitching: RHP José López
|
|
Batting: SHB Jack Hendrix
|
0-0: Called Strike 0-1: Ball 1-1: SINGLE (Flyball, 7LS)
|
Batting: SHB Carlos González
|
0-0: Fly out, F9 (Line Drive, 89D)
|
Batting: LHB Preston Hamilton
|
0-0: Swinging Strike 0-1: Foul Ball, location: 2F 0-2: Strikes out swinging
|
Batting: RHB Timothy Foster
|
0-0: Ground out 4-3 (Groundball, 34)
|
Bottom of the 1st over - 0 runs, 1 hit, 0 errors, 1 left on base; Athens 0 - Pensacola 0 |
TOP OF THE 2ND |
Athens Assassins batting - Pitching for Pensacola Pilots : RHP Ralph Williams
|
Batting: RHB Kiyonaga Ogawa
|
0-0: Ball 1-0: Called Strike 1-1: Ball 2-1: Ball 3-1: Bunt for hit - play at first, batter safe!
|
Batting: RHB Jorge Loanos
|
0-0: Ball 1-0: Swinging Strike 1-1: Ball 2-1: Ball 3-1: Foul Ball, location: 2F 3-2: Ground out 6-3 (Groundball, 6S) Kiyonaga Ogawa to second
|
Batting: RHB Maximino Abbado
|
0-0: Called Strike 0-1: Ball 1-1: Ball 2-1: Reached on error, E5 (Groundball, 56) Kiyonaga Ogawa scores
|
Batting: RHB Alfonso Flores
|
0-0: Swinging Strike 0-1: Ball 1-1: Ball 2-1: Ball 3-1: Ground out 6-3 (Groundball, 6)
|
Batting: RHB Clancy Bradshaw
|
0-0: Ball 1-0: Called Strike 1-1: Called Strike 1-2: Foul Ball, location: 2F 1-2: Ball 2-2: Strikes out swinging
|
Top of the 2nd over - 1 run, 1 hit, 1 error, 1 left on base; Athens 1 - Pensacola 0 |
BOTTOM OF THE 2ND |
Pensacola Pilots batting - Pitching for Athens Assassins : RHP José López
|
Batting: LHB Carlos Músquez
|
0-0: Called Strike 0-1: Ball 1-1: Ball 2-1: Ball 3-1: Base on Balls
|
Batting: RHB José Ramos
|
0-0: Grounds into double play, 4-6-3 (Groundball, 4)
|
Batting: RHB John Hall
|
0-0: Foul Ball, location: 2F 0-1: Ball 1-1: Ball 2-1: Fly out, F9 (Flyball, 9LM)
|
Bottom of the 2nd over - 0 runs, 0 hits, 0 errors, 0 left on base; Athens 1 - Pensacola 0 |
TOP OF THE 3RD |
Athens Assassins batting - Pitching for Pensacola Pilots : RHP Ralph Williams
|
Batting: RHB Luis López
|
0-0: Ball 1-0: Fly out, F8 (Line Drive, 89D)
|
Batting: RHB John Conway
|
0-0: Ball 1-0: Foul Ball, location: 2F 1-1: Ball 2-1: Ball 3-1: Foul Ball, location: 2F 3-2: Base on Balls
|
Batting: RHB Britt Short
|
0-0: Swinging Strike 0-1: Ball 1-1: Called Strike 1-2: Ball 2-2: Fielders Choice at 2nd, 6-4 (Groundball, 56)
|
Batting: RHB Jonathon García
|
0-0: Foul Ball, location: 2F 0-1: Fly out, F2 (Popup, 13S)
|
Top of the 3rd over - 0 runs, 0 hits, 0 errors, 1 left on base; Athens 1 - Pensacola 0 |
BOTTOM OF THE 3RD |
Pensacola Pilots batting - Pitching for Athens Assassins : RHP José López
|
Batting: RHB Felipe Hernández
|
0-0: Called Strike 0-1: Ball 1-1: SINGLE (Groundball, 6MD)
|
Batting: RHB Octávio Aldeguer
|
0-0: Ball 1-0: Foul Ball, location: 2F 1-1: Grounds into double play, 5-4-3 (Groundball, 56)
|
Batting: SHB Jack Hendrix
|
0-0: Called Strike 0-1: Foul Ball, location: 2F 0-2: Ball 1-2: Ball 2-2: Strikes out swinging
|
Bottom of the 3rd over - 0 runs, 1 hit, 0 errors, 0 left on base; Athens 1 - Pensacola 0 |
TOP OF THE 4TH |
Athens Assassins batting - Pitching for Pensacola Pilots : RHP Ralph Williams
|
Batting: RHB Kiyonaga Ogawa
|
0-0: Foul Ball, location: 2F 0-1: Ball 1-1: Foul Ball, location: 2F 1-2: Ball 2-2: Foul Ball, location: 2F 2-2: TRIPLE (Line Drive, 89XD)
|
Batting: RHB Jorge Loanos
|
0-0: Swinging Strike 0-1: Foul Ball, location: 2F 0-2: Ball 1-2: Ball 2-2: Ball 3-2: Strikes out swinging
|
Batting: RHB Maximino Abbado
|
0-0: SINGLE (Flyball, 7LS) Kiyonaga Ogawa scores
|
Batting: RHB Alfonso Flores
|
0-0: Ball 1-0: SINGLE (Groundball, 6D) Maximino Abbado to second
|
Batting: RHB Clancy Bradshaw
|
0-0: Ball 1-0: Fielders Choice at 2nd, 3-6 (Groundball, 3) Maximino Abbado to third
|
Batting: RHB Luis López
|
0-0: Ball 1-0: Ball 2-0: Ball 3-0: Foul Ball, location: 2F 3-1: Called Strike 3-2: Foul Ball, location: 2F 3-2: Foul Ball, location: 2F 3-2: Base on Balls Clancy Bradshaw to second
|
Batting: RHB John Conway
|
0-0: Ball 1-0: Fielders Choice at 2nd, 6-4 (Groundball, 6)
|
Top of the 4th over - 1 run, 3 hits, 0 errors, 3 left on base; Athens 2 - Pensacola 0 |
BOTTOM OF THE 4TH |
Pensacola Pilots batting - Pitching for Athens Assassins : RHP José López
|
Batting: SHB Carlos González
|
0-0: Ball 1-0: SINGLE (Line Drive, 4)
|
Batting: LHB Preston Hamilton
|
0-0: Called Strike 0-1: Foul Ball, location: 2F 0-2: Ball 1-2: Single, Error in OF, E9, batter to second base Carlos González to third
|
Batting: RHB Timothy Foster
|
0-0: Ball 1-0: SINGLE (Groundball, 4MD) Carlos González scores Preston Hamilton to third
|
Batting: LHB Carlos Músquez
|
0-0: Ball 1-0: Swinging Strike 1-1: Ball 2-1: Fly out, F8 (Line Drive, 89D) Runner from 3rd tags up, SCORES, no throw
|
Batting: RHB José Ramos
|
0-0: Ball 1-0: Ball Wild Pitch! Timothy Foster to second 2-0: Called Strike 2-1: Called Strike 2-2: Foul Ball, location: 2F 2-2: Strikes out swinging
|
Batting: RHB John Hall
|
0-0: Foul Ball, location: 2F 0-1: Ball 1-1: Ball 2-1: Foul Ball, location: 2F 2-2: Ball 3-2: Strikes out swinging
|
Bottom of the 4th over - 2 runs, 3 hits, 1 error, 1 left on base; Athens 2 - Pensacola 2 |
TOP OF THE 5TH |
Athens Assassins batting - Pitching for Pensacola Pilots : RHP Ralph Williams
|
Batting: RHB Britt Short
|
0-0: Foul Ball, location: 2F 0-1: Ball 1-1: Foul Ball, location: 2F 1-2: Foul Ball, location: 2F 1-2: Strikes out swinging
|
Batting: RHB Jonathon García
|
0-0: Ball 1-0: Called Strike 1-1: Swinging Strike 1-2: Ball 2-2: Strikes out swinging
|
Batting: RHB Kiyonaga Ogawa
|
0-0: Ball 1-0: Ball 2-0: Ball 3-0: Called Strike 3-1: Called Strike 3-2: Foul Ball, location: 2F 3-2: Strikes out swinging
|
Top of the 5th over - 0 runs, 0 hits, 0 errors, 0 left on base; Athens 2 - Pensacola 2 |
BOTTOM OF THE 5TH |
Pensacola Pilots batting - Pitching for Athens Assassins : RHP José López
|
Batting: RHB Felipe Hernández
|
0-0: Called Strike 0-1: Swinging Strike 0-2: SOLO HOME RUN (Flyball, 7LD), Distance : 373 ft
|
Batting: RHB Octávio Aldeguer
|
0-0: Ball 1-0: Ball 2-0: Called Strike 2-1: Foul Ball, location: 2F 2-2: Foul Ball, location: 2F 2-2: Fly out, F8 (Flyball, 89S)
|
Batting: SHB Jack Hendrix
|
0-0: Swinging Strike 0-1: Ball 1-1: Ground out 4-3 (Groundball, 34)
|
Batting: SHB Carlos González
|
0-0: Ground out 4-3 (Groundball, 4)
|
Bottom of the 5th over - 1 run, 1 hit, 0 errors, 0 left on base; Athens 2 - Pensacola 3 |
TOP OF THE 6TH |
Athens Assassins batting - Pitching for Pensacola Pilots : RHP Ralph Williams
|
Pitching: RHP Michael Clay
|
|
Batting: RHB Jorge Loanos
|
0-0: Ball 1-0: Ball 2-0: Foul Ball, location: 2F 2-1: Swinging Strike 2-2: Foul Ball, location: 2F 2-2: Strikes out swinging
|
Batting: RHB Maximino Abbado
|
0-0: Ball 1-0: SINGLE (Flyball, 6D)
|
Batting: RHB Alfonso Flores
|
0-0: Called Strike 0-1: Foul Ball, location: 2F 0-2: Foul Ball, location: 2F 0-2: Ball 1-2: Fly out, F3 (Popup, 3S)
|
Batting: RHB Clancy Bradshaw
|
0-0: Ball 1-0: Called Strike 1-1: Foul Ball, location: 2F 1-2: Foul Ball, location: 2F 1-2: Fielders Choice at 2nd, 6-4 (Groundball, 6)
|
Top of the 6th over - 0 runs, 1 hit, 0 errors, 1 left on base; Athens 2 - Pensacola 3 |
BOTTOM OF THE 6TH |
Pensacola Pilots batting - Pitching for Athens Assassins : RHP José López
|
Batting: LHB Preston Hamilton
|
0-0: Foul Ball, location: 2F 0-1: Ball 1-1: Fly out, F8 (Flyball, 89S)
|
Batting: RHB Timothy Foster
|
0-0: Called Strike 0-1: Ball 1-1: Called Strike 1-2: Ball 2-2: Strikes out swinging
|
Batting: LHB Carlos Músquez
|
0-0: Ground out 4-3 (Groundball, 4MS)
|
Bottom of the 6th over - 0 runs, 0 hits, 0 errors, 0 left on base; Athens 2 - Pensacola 3 |
TOP OF THE 7TH |
Athens Assassins batting - Pitching for Pensacola Pilots : RHP Michael Clay
|
Batting: RHB Luis López
|
0-0: Called Strike 0-1: Foul Ball, location: 2F 0-2: Ball 1-2: Ball 2-2: Foul Ball, location: 2F 2-2: Ball 3-2: SINGLE (Line Drive, 78M)
|
Pinch Hitting: LHB Brian Turner
|
0-0: Called Strike 0-1: Grounds into double play, 6-4-3 (Groundball, 6)
|
Batting: RHB Britt Short
|
0-0: Called Strike 0-1: Called Strike 0-2: Fly out, F8 (Line Drive, 8LD)
|
Top of the 7th over - 0 runs, 1 hit, 0 errors, 0 left on base; Athens 2 - Pensacola 3 |
BOTTOM OF THE 7TH |
Pensacola Pilots batting - Pitching for Athens Assassins : RHP José López
|
Now in RF: Brian Turner
|
|
Batting: RHB José Ramos
|
0-0: Foul Ball, location: 2F 0-1: Called Strike 0-2: Ground out 1-3 (Groundball, 13)
|
Batting: RHB John Hall
|
0-0: Ball 1-0: Called Strike 1-1: Swinging Strike 1-2: Strikes out swinging
|
Batting: RHB Felipe Hernández
|
0-0: Foul Ball, location: 2F 0-1: Swinging Strike 0-2: Fly out, F7 (Flyball, 7)
|
Bottom of the 7th over - 0 runs, 0 hits, 0 errors, 0 left on base; Athens 2 - Pensacola 3 |
TOP OF THE 8TH |
Athens Assassins batting - Pitching for Pensacola Pilots : RHP Michael Clay
|
Batting: RHB Jonathon García
|
0-0: Called Strike 0-1: SINGLE (Groundball, 6D)
|
Pitching: RHP Jesús Núñez
|
|
Batting: RHB Kiyonaga Ogawa
|
0-0: Bunt missed! 0-1: Bunted foul 0-2: Foul Ball, location: 2F 0-2: Strikes out swinging
|
Batting: RHB Jorge Loanos
|
0-0: Ball 1-0: Called Strike 1-1: Ball 2-1: Fielders Choice at 2nd, 4-6 (Groundball, 4)
|
Batting: RHB Maximino Abbado
|
0-0: Ball 1-0: Ball 2-0: Ball 3-0: Called Strike 3-1: Called Strike 3-2: Base on Balls Jorge Loanos to second
|
Batting: RHB Alfonso Flores
|
0-0: Called Strike 0-1: Foul Ball, location: 2F 0-2: Ball 1-2: Strikes out swinging
|
Top of the 8th over - 0 runs, 1 hit, 0 errors, 2 left on base; Athens 2 - Pensacola 3 |
BOTTOM OF THE 8TH |
Pensacola Pilots batting - Pitching for Athens Assassins : RHP José López
|
Batting: RHB Octávio Aldeguer
|
0-0: Called Strike 0-1: Called Strike 0-2: Strikes out swinging
|
Batting: SHB Jack Hendrix
|
0-0: Called Strike 0-1: Ball 1-1: Ball 2-1: Ground out 1-3 (Groundball, 13)
|
Batting: SHB Carlos González
|
0-0: Called Strike 0-1: SINGLE (Line Drive, 4D)
|
Batting: LHB Preston Hamilton
|
0-0: Swinging Strike 0-1: Ball 1-1: SINGLE (Line Drive, 3D) Carlos González to second Runner from 2nd tries for 3rd, OUT!
|
Bottom of the 8th over - 0 runs, 2 hits, 0 errors, 1 left on base; Athens 2 - Pensacola 3 |
TOP OF THE 9TH |
Athens Assassins batting - Pitching for Pensacola Pilots : RHP Jesús Núñez
|
Pitching: RHP Scott Willerton
|
|
Batting: RHB Clancy Bradshaw
|
0-0: Called Strike 0-1: Called Strike 0-2: Ball 1-2: Ball 2-2: Strikes out looking
|
Batting: RHB Luis López
|
0-0: Swinging Strike 0-1: Ball 1-1: Foul Ball, location: 2F 1-2: Strikes out swinging
|
Batting: LHB Brian Turner
|
0-0: Called Strike 0-1: Foul Ball, location: 2F 0-2: Ball 1-2: Foul Ball, location: 2F 1-2: Ball 2-2: Ball 3-2: Base on Balls
|
Batting: RHB Britt Short
|
0-0: Ball 1-0: Ball 2-0: Called Strike 2-1: Foul Ball, location: 2F 2-2: SINGLE (Groundball, 6MD) Brian Turner to second Runner from 2nd tries for 3rd, SAFE, no throw
|
Batting: RHB Jonathon García
|
0-0: Swinging Strike 0-1: Hit by Pitch Britt Short to second
|
Batting: RHB Kiyonaga Ogawa
|
0-0: Called Strike 0-1: Hit by Pitch Brian Turner scores Britt Short to third Jonathon García to second
|
Batting: RHB Jorge Loanos
|
0-0: Called Strike 0-1: Called Strike 0-2: Ball 1-2: Strikes out looking
|
Top of the 9th over - 1 run, 1 hit, 0 errors, 3 left on base; Athens 3 - Pensacola 3 |
BOTTOM OF THE 9TH |
Pensacola Pilots batting - Pitching for Athens Assassins : RHP José López
|
Pinch Hitting: LHB Joe Vásquez
|
0-0: Ball 1-0: Foul Ball, location: 2F 1-1: Ball 2-1: Ball 3-1: Base on Balls
|
Batting: LHB Carlos Músquez
|
0-0: Called Strike 0-1: Called Strike 0-2: Foul Ball, location: 2F 0-2: Fly out, F7 (Flyball, 78M)
|
Batting: RHB José Ramos
|
0-0: Called Strike 0-1: Called Strike 0-2: Foul Ball, location: 2F 0-2: Ball 1-2: Ball 2-2: Grounds into double play, 6-4-3 (Groundball, 6M)
|
Bottom of the 9th over - 0 runs, 0 hits, 0 errors, 0 left on base; Athens 3 - Pensacola 3 |
TOP OF THE 10TH |
Athens Assassins batting - Pitching for Pensacola Pilots : RHP Scott Willerton
|
Pitching: RHP Frank Knight
|
|
Now at 2B: Bryan Long
|
|
Batting: RHB Maximino Abbado
|
0-0: Called Strike 0-1: Swinging Strike 0-2: Foul Ball, location: 2F 0-2: Ball 1-2: Strikes out looking
|
Batting: RHB Alfonso Flores
|
0-0: Ball 1-0: Ball 2-0: Ground out 5-3 (Groundball, 5L)
|
Batting: RHB Clancy Bradshaw
|
0-0: SINGLE (Groundball, 6D)
|
Batting: RHB Luis López
|
0-0: Ball 1-0: Ball 2-0: Ball 3-0: Called Strike 3-1: Base on Balls Clancy Bradshaw to second
|
Batting: LHB Brian Turner
|
0-0: Ball 1-0: Foul Ball, location: 2F 1-1: Fly out, F8 (Flyball, 8RXD)
|
Top of the 10th over - 0 runs, 1 hit, 0 errors, 2 left on base; Athens 3 - Pensacola 3 |
BOTTOM OF THE 10TH |
Pensacola Pilots batting - Pitching for Athens Assassins : RHP José López
|
Pitching: LHP Dan Thompson
|
|
Batting: RHB John Hall
|
0-0: Called Strike 0-1: Foul Ball, location: 2F 0-2: Strikes out looking
|
Batting: RHB Felipe Hernández
|
0-0: Ball 1-0: Swinging Strike 1-1: Ground out 6-3 (Groundball, 6)
|
Batting: RHB Octávio Aldeguer
|
0-0: Ball 1-0: Ball 2-0: Ball 3-0: Base on Balls
|
Batting: SHB Jack Hendrix
|
0-0: Ball 1-0: Foul Ball, location: 2F 1-1: Foul Ball, location: 2F 1-2: Ball 2-2: Foul Ball, location: 2F 2-2: Strikes out looking
|
Bottom of the 10th over - 0 runs, 0 hits, 0 errors, 1 left on base; Athens 3 - Pensacola 3 |
TOP OF THE 11TH |
Athens Assassins batting - Pitching for Pensacola Pilots : RHP Frank Knight
|
Pitching: RHP Ramón Flores
|
|
Batting: RHB Britt Short
|
0-0: Ball 1-0: Ball 2-0: Foul Ball, location: 2F 2-1: Ball 3-1: Base on Balls
|
Batting: RHB Jonathon García
|
0-0: Foul Ball, location: 2F 0-1: Ball 1-1: Swinging Strike 1-2: Strikes out looking
|
Batting: RHB Kiyonaga Ogawa
|
0-0: Ground out 4-3 (Groundball, 34) Britt Short to second
|
Batting: RHB Jorge Loanos
|
0-0: Ball 1-0: Ball 2-0: Ball 3-0: Called Strike 3-1: Foul Ball, location: 2F 3-2: Base on Balls
|
Batting: RHB Maximino Abbado
|
0-0: Foul Ball, location: 2F 0-1: Swinging Strike 0-2: Strikes out swinging
|
Top of the 11th over - 0 runs, 0 hits, 0 errors, 2 left on base; Athens 3 - Pensacola 3 |
BOTTOM OF THE 11TH |
Pensacola Pilots batting - Pitching for Athens Assassins : LHP Dan Thompson
|
Pitching: RHP Pablo García
|
|
Batting: SHB Carlos González
|
0-0: Ball 1-0: Ball 2-0: Called Strike 2-1: Foul Ball, location: 2F 2-2: DOUBLE (Groundball, 3L)
|
Batting: LHB Preston Hamilton
|
0-0: Intentional Walk
|
Batting: SHB Bryan Long
|
0-0: Fly out, F8 (Flyball, 8RM)
|
Batting: LHB Carlos Músquez
|
0-0: Foul Ball, location: 2F 0-1: Ball 1-1: Called Strike 1-2: Fly out, F8 (Flyball, 8LXD) Runner from 2nd tags up, SAFE at 3rd, no throw
|
Batting: RHB José Ramos
|
0-0: Called Strike 0-1: Ball 1-1: Swinging Strike 1-2: Ball 2-2: Fly out, F8 (Flyball, 8RD)
|
Bottom of the 11th over - 0 runs, 1 hit, 0 errors, 2 left on base; Athens 3 - Pensacola 3 |
TOP OF THE 12TH |
Athens Assassins batting - Pitching for Pensacola Pilots : RHP Ramón Flores
|
Batting: RHB Alfonso Flores
|
0-0: Ball 1-0: Ball 2-0: Called Strike 2-1: Fly out, F9 (Line Drive, 89M)
|
Batting: RHB Clancy Bradshaw
|
0-0: Foul Ball, location: 2F 0-1: Called Strike 0-2: Ball 1-2: Strikes out swinging
|
Batting: RHB Luis López
|
0-0: Foul Ball, location: 2F 0-1: Swinging Strike 0-2: Ball 1-2: Hit by Pitch
|
Batting: LHB Brian Turner
|
0-0: Called Strike 0-1: Ball 1-1: Foul Ball, location: 2F 1-2: SINGLE (Groundball, 6MD) Luis López to second Runner from 2nd tries for 3rd, SAFE, no throw
|
Batting: RHB Britt Short
|
0-0: Ball 1-0: Ball 2-0: Called Strike 2-1: Ball 3-1: Foul Ball, location: 2F 3-2: Strikes out swinging
|
Top of the 12th over - 0 runs, 1 hit, 0 errors, 2 left on base; Athens 3 - Pensacola 3 |
BOTTOM OF THE 12TH |
Pensacola Pilots batting - Pitching for Athens Assassins : RHP Pablo García
|
Batting: RHB John Hall
|
0-0: Ball 1-0: Called Strike 1-1: Ball 2-1: Foul Ball, location: 2F 2-2: Strikes out swinging
|
Batting: RHB Felipe Hernández
|
0-0: Called Strike 0-1: Ball 1-1: Foul Ball, location: 2F 1-2: Ball 2-2: Strikes out looking
|
Batting: RHB Octávio Aldeguer
|
0-0: Foul Ball, location: 2F 0-1: Foul Ball, location: 2F 0-2: Strikes out swinging
|
Bottom of the 12th over - 0 runs, 0 hits, 0 errors, 0 left on base; Athens 3 - Pensacola 3 |
TOP OF THE 13TH |
Athens Assassins batting - Pitching for Pensacola Pilots : RHP Ramón Flores
|
Pitching: LHP Ed Miller
|
|
Batting: RHB Jonathon García
|
0-0: Ball 1-0: Foul Ball, location: 2F 1-1: Ball 2-1: Foul Ball, location: 2F 2-2: Foul Ball, location: 2F 2-2: Ball 3-2: Fly out, F8 (Flyball, 8RXD)
|
Batting: RHB Kiyonaga Ogawa
|
0-0: Swinging Strike 0-1: Ball 1-1: Swinging Strike 1-2: Strikes out swinging
|
Batting: RHB Jorge Loanos
|
0-0: Ball 1-0: Ground out 6-3 (Groundball, 6M)
|
Top of the 13th over - 0 runs, 0 hits, 0 errors, 0 left on base; Athens 3 - Pensacola 3 |
BOTTOM OF THE 13TH |
Pensacola Pilots batting - Pitching for Athens Assassins : RHP Pablo García
|
Batting: SHB Jack Hendrix
|
0-0: Called Strike 0-1: Ball 1-1: Called Strike 1-2: Fly out, F8 (Flyball, 8RM)
|
Batting: SHB Carlos González
|
0-0: Called Strike 0-1: Ball 1-1: SINGLE (Line Drive, 3S)
|
Batting: LHB Preston Hamilton
|
0-0: Ball 1-0: Ball Pickoff Throw to First - Error! E1 Carlos González to second 2-0: Intentional Walk
|
Batting: SHB Bryan Long
|
0-0: Ball 1-0: Ball 2-0: Called Strike 2-1: SINGLE (Flyball, 9LS) Carlos González to third Preston Hamilton to second Runner from 3rd tries for Home, SAFE, no throw
|
Saturday, April 7th, 2018 - OOTP Baseball 18.8 Build 76
|
|